 Dungeon Crawl Stone Soup version 0.29-a0-495-g17b79114eb (webtiles) character file.

Game seed: 523447694492225294

1421 xian the Magician (level 8, 0/58 HPs)
             Began as a Black Draconian Conjurer on May 28, 2022.
             Was an Initiate of Sif Muna.
             Slain by a two-headed ogre
             ... wielding a +0 giant spiked club
              (22 damage)
             ... on level 6 of the Dungeon.
             The game lasted 00:16:44 (6996 turns).

xian the Magician (Black Draconian Conjurer)        Turns: 6996, Time: 00:16:44

Health: 0/58       AC: 11    Str: 10    XL:     8   Next: 44%
Magic:  12/27      EV: 12    Int: 21    God:    Sif Muna [......]
Gold:   207        SH:  8    Dex:  9    Spells: 14/21 levels left

rFire   . . .      SeeInvis .   J - +3 flail (freeze)
rCold   . . .      Faith    .   B - +0 buckler
rNeg    . . .      Spirit   .   (body armour unavailable)
rPois   .          Reflect  +   H - +0 hat
rElec   +          Harm     .   t - +0 cloak
rCorr   .          Rampage  .   (no gloves)
Will    .....                   (no boots)
Stlth   ++........              g - amulet of reflection
HPRegen 0.19/turn               m - +4 ring of protection
MPRegen 0.20/turn               e - ring of magical power

@: short of breath
A: breathe lightning, AC +6, unfitting armour, electricity resistance,
cold-blooded
a: Breathe Lightning, Renounce Religion


You were on level 6 of the Dungeon.
You worshipped Sif Muna.
Sif Muna was noncommittal.
You visited 2 branches of the dungeon, and saw 8 of its levels.
You also visited: Sewer.

You collected 207 gold pieces.

Inventory:

Hand Weapons
 J - a +3 flail of freezing (weapon)
Armour
 t - a +0 cloak (worn)
 x - the +4 ring mail of Catatonia {Will+}
   (You found it on level 4 of the Dungeon)

   Will:      It increases your willpower.
 B - a +0 buckler (worn)
 H - a +0 hat (worn)
Jewellery
 e - a ring of magical power (right hand)
 g - an amulet of reflection (around neck)
 k - a ring of protection from fire
 m - a +4 ring of protection (left hand)
 v - a ring of positive energy
Wands
 D - a wand of iceblast (8)
Scrolls
 c - a scroll of enchant weapon {unknown}
 f - 3 scrolls of magic mapping
 h - 5 scrolls of teleportation
 j - a scroll of vulnerability {unknown}
 n - 3 scrolls of amnesia {unknown}
 p - a scroll of brand weapon {unknown}
 u - a scroll of fog {unknown}
 y - a scroll of summoning {unknown}
 C - a scroll of enchant armour {unknown}
 F - a scroll of blinking {unknown}
 G - a scroll of noise {unknown}
 K - a scroll of poison {unknown}
 L - a scroll of fear {unknown}
Potions
 a - a potion of magic
 b - a potion of might
 d - a potion of flight {unknown}
 i - 3 potions of heal wounds {unknown}
 l - 3 potions of brilliance {unknown}
 o - 3 potions of curing
 q - a potion of degeneration {unknown}
 r - a potion of lignification {unknown}
 s - 3 potions of haste
 w - 2 potions of ambrosia {unknown}
 z - a potion of attraction {unknown}
 A - 3 potions of mutation {unknown}
 E - a potion of invisibility {unknown}
 I - a potion of berserk rage {unknown}


   Skills:
 + Level 0.9 Fighting
 + Level 1.9 Short Blades
 + Level 3.1 Dodging
 + Level 3.0 Stealth
 + Level 1.0 Shields
 + Level 7.0 Spellcasting
 + Level 6.9 Conjurations


You had 14 spell levels left.
You knew the following spells:

 Your Spells              Type           Power      Damage    Failure   Level
a - Magic Dart            Conj           100%       1d8       1%          1
b - Searing Ray           Conj           72%        2d7       1%          2
c - Iskenderun's Mystic   Conj/Tloc      21%        2d6       28%         4

Your spell library contained the following spells:

 Spells                   Type           Power      Damage    Failure   Level
 Dazzling Flash           Conj/Hex       42%        N/A       9%          3
 Apportation              Tloc           14%        N/A       12%         1
 Necrotize                Necr           28%        1d5       12%         1
 Summon Small Mammal      Summ           28%        N/A       12%         1
 Mephitic Cloud           Conj/Pois/Air  17%        N/A       14%         3
 Call Imp                 Summ           7%         N/A       19%         2
 Fulminant Prism          Conj/Hex       10%        3d9       28%         4
 Call Canine Familiar     Summ           7%         N/A       34%         3
 Summon Guardian Golem    Hex/Summ       7%         N/A       34%         3


Dungeon Overview and Level Annotations

Branches:
Dungeon (7/15)             Temple (1/1) D:6           Sewer (visited)

Altars:
Ashenzari
Cheibriados
Dithmenos
Elyvilon
Fedhas
Gozag
Hepliaklqana
Kikubaaqudgha
Makhleb
Nemelex Xobeh
Qazlal
Ru
Sif Muna
Trog
Uskayaw
Vehumet
Wu Jian
Xom
Yredelemnul
Zin
The Shining One

Shops:
D:3 (   D:5 [


Innate Abilities, Weirdness & Mutations

You can breathe wild blasts of lightning.
Your glossy black scales are hard. (AC +6)
You cannot fit into any form of body armour.
You are resistant to electric shocks. (rElec)
You are cold-blooded and may be slowed by cold attacks.


Message History

The orb of electricity explodes!
The orb of electricity engulfs the two-headed ogre!!
The two-headed ogre is moderately wounded.
You hear a shout!
Casting: Magic Dart (safe; 1% risk of failure)
Confirm with . or Enter, or press ? or * to list all spells.
You don't know that spell.
Unknown command.
A centaur comes into view.
The steam dragon completely misses you. You block the steam dragon's attack.
The centaur wields a +0 shortbow.
The centaur shoots an arrow.
You reflect the arrow off an invisible shield around you!
The arrow hits the centaur!
You block the steam dragon's attack. The steam dragon claws you.
There is a stone staircase leading up here.
The centaur shoots an arrow.
The arrow completely misses you.
You climb upwards.
There is a stone staircase leading down here.
You can't go up here!
Unknown command.
You climb downwards.
The centaur shoots an arrow.
The arrow closely misses you.
There is a stone staircase leading up here.
The two-headed ogre closely misses you.
The two-headed ogre hits you with a +0 giant club!
The steam dragon breathes steam at you. The ball of steam hits you.
You climb upwards.
There is a stone staircase leading down here.
Unknown command.
You sock the two-headed ogre! You freeze the two-headed ogre.
Your tail-slap misses the two-headed ogre.
The two-headed ogre is heavily wounded.
The two-headed ogre barely misses you.
The two-headed ogre hits you with a +0 giant club.
You barely miss the two-headed ogre.
Your tail-slap misses the two-headed ogre.
The two-headed ogre is heavily wounded.
The two-headed ogre hits you with a +0 giant spiked club!
The two-headed ogre hits you with a +0 giant club!!
You die...

.....#...........................
.....#...........................
.....#...........................
.....#...........................
.....#...........................
.....#...........................
.....#...........................
.....#..........O................
.....#..........@................
.....#......................##...
.....#......................##...
##'###.......................#...
#...#........................#...
#...#........................#...
#...#........................#...
#...#........................#...
#...#........................#...


You could see a two-headed ogre.

Vanquished Creatures
  Duvessa (D:6)
  An ice beast (D:5)
  A black bear (D:4)
  A phantom (D:6)
  A scorpion (D:4)
  3 wights (D:6)
  Dowan (D:6)
  A howler monkey (D:5)
  4 jellies
  A gnoll shaman (D:7)
  6 hounds
  Ijyb (D:5)
  2 iguanas (D:5)
  2 orc wizards
  A hell rat (Sewer)
  6 gnolls
  2 river rats (Sewer)
  6 adders
  4 ufetubi
  5 worms
  2 dart slugs
  13 orcs
  4 bats
  2 endoplasms (D:1)
  A giant cockroach (D:4)
  6 goblins
  7 hobgoblins
  2 jackals (D:4)
  8 kobolds
  5 quokkas
  5 ball pythons
  4 frilled lizards
  16 rats
125 creatures vanquished.

Vanquished Creatures (others)
  A hound (D:7)
  An orc (D:7)
2 creatures vanquished.

Grand Total: 127 creatures vanquished

Notes
Turn   | Place    | Note
-------+----------+-------------------------------------------
     0 | D:1      | xian the Draconian Conjurer began the quest for the Orb.
     0 | D:1      | Reached XP level 1. HP: 14/14 MP: 3/3
   166 | D:1      | Found a faded altar of an unknown god.
   510 | D:1      | Reached XP level 2. HP: 20/20 MP: 3/5
  1706 | D:2      | Reached XP level 3. HP: 26/26 MP: 2/6
  2148 | D:1      | Learned a level 2 spell: Searing Ray
  2154 | D:2      | Reached skill level 1 in Short Blades
  2154 | D:2      | Reached XP level 4. HP: 27/33 MP: 1/7
  2948 | D:3      | Found Soroz's Weapon Boutique.
  3316 | D:4      | Identified the +4 ring mail of Catatonia {Will+}
  3407 | D:4      | Reached skill level 3 in Spellcasting
  3466 | D:4      | Learned a level 4 spell: Iskenderun's Mystic Blast
  3476 | D:4      | Reached XP level 5. HP: 37/38 MP: 10/10
  3537 | D:4      | Reached skill level 4 in Spellcasting
  3724 | D:4      | Reached skill level 5 in Conjurations
  3778 | D:4      | Reached XP level 6. HP: 45/45 MP: 12/12
  4612 | D:5      | Entered Level 5 of the Dungeon
  4613 | D:5      | Noticed Ijyb
  4627 | D:5      | Reached skill level 5 in Spellcasting
  4647 | D:5      | Killed Ijyb
  4777 | D:5      | Your scales start taking on a glossy black colour.
  4777 | D:5      | Reached XP level 7. HP: 51/51 MP: 10/14
  4777 | D:5      | Gained mutation: You are resistant to electric shocks.
                  | (rElec) [Black Draconian growth]
  4918 | D:5      | Found a glowing drain.
  4936 | Sewer    | Entered a sewer
  5207 | D:5      | Found Vaosedeeb's Antique Armour Shoppe.
  5851 | D:6      | Reached skill level 6 in Spellcasting
  5854 | D:6      | Reached XP level 8. HP: 39/58 MP: 16/17
  6193 | D:6      | Found a staircase to the Ecumenical Temple.
  6205 | Temple   | Entered the Ecumenical Temple
  6335 | Temple   | Became a worshipper of Sif Muna the Loreminder
  6603 | D:6      | Noticed Duvessa
  6603 | D:6      | Noticed Dowan
  6619 | D:6      | Killed Duvessa
  6622 | D:6      | Killed Dowan
  6969 | D:7      | Reached skill level 1 in Shields
  6971 | D:7      | Reached skill level 7 in Spellcasting
  6982 | D:7      | Noticed a two-headed ogre
  6996 | D:6      | Slain by a two-headed ogre

Illustrated notes

Levels and vault maps discovered:
D:1:      elethiomel_arrival_maze, layout_loops_corners,
          shapermc_ecumenical_altar_mp_highgroup, glass_columns_a,
          minmay_misc_feat_hallway
D:2:      layout_rooms, nicolae_grassy_gnolls
D:3:      layout_loops_ring, serial_shops, nicolae_shop_bloodbath_and_beyond
D:4:      layout_basic, dk_vineyard_1
D:5:      layout_cave_pools, serial_shops, shop, portal_sewer_entry_c, uniq_ijyb
D:6:      layout_gridville, minmay_temple_entry_tees, uniq_duvessa
D:7:      minmay_the_grid_octo_2x2 [minmay_the_grid_octo_clover_2,
          minmay_the_grid_octo_checkered, minmay_the_grid_octo_focus,
          minmay_the_grid_octo_prize_big_c], layout_cave_pools,
          kennysheep_donut, grunt_ogre_cave
Temple:   minmay_crystal_snake_temple

Skill      XL: |  1  2  3  4  5  6  7  8 |
---------------+-------------------------+-----
Stealth        | 2 3 |  3.0
Short Blades   | 1 |  1.9
Dodging        | 2 3 |  3.1
Spellcasting   | 3 4 5 6 7 |  7.0
Conjurations   | 5 6 |  6.9
Shields        | 1 |  1.0
Fighting       | |  0.9

Action                   |  1- 3 |  4- 6 |  7- 9 || total
-------------------------+-------+-------+-------++-------
Melee: Unarmed           |     5 |       |       ||     5
       Short sword       |    12 |    12 |     2 ||    26
       Tailslap          |     1 |     1 |     1 ||     3
       Flail             |       |       |     2 ||     2
 Cast: Magic Dart        |    72 |   136 |   125 ||   333
       Searing Ray       |     1 |     4 |    11 ||    16
 Abil: Breathe Lightning |       |       |     7 ||     7
  Use: Scroll            |       |     4 |     1 ||     5
       Potion            |       |     1 |       ||     1
Armor: Skin              |     3 |    19 |    12 ||    34
Dodge: Dodged            |     7 |    16 |    27 ||    50
Block: Other             |     2 |     6 |       ||     8
       Buckler           |       |     7 |    16 ||    23
       Reflection        |       |       |     2 ||     2

Table legend: (Time is in decaauts)
 A = Elapsed time spent in this place.
 B = Non-inter-level travel time spent in this place.
 C = Inter-level travel time spent in this place.
 D = Time resting spent in this place.
 E = Time spent auto-exploring this place.
 F = Levels seen in this place.
 G = Mean time per level.
                   A        B        C        D        E       F      G
               +--------+--------+--------+--------+--------+-----+--------+
         Total |   7015 |   6836 |    179 |     69 |   5660 |   9 |  779.4 |
       Dungeon |   6547 |   6368 |    179 |     69 |   5348 |   7 |  935.3 |
        Temple |    194 |    194 |      0 |      0 |    129 |   1 |  194.0 |
         Sewer |    273 |    273 |      0 |      0 |    182 |   1 |  273.0 |
               +--------+--------+--------+--------+--------+-----+--------+

Top non-repeatable levels by time:
     D:4: 1317 daAuts
     D:1: 1292 daAuts
     D:2: 1017 daAuts
     D:6: 992 daAuts
     D:3: 984 daAuts
     D:5: 902 daAuts
   Sewer: 273 daAuts
  Temple: 194 daAuts
     D:7: 41 daAuts
